 Dungeon Crawl Stone Soup version 0.29.1-1-gd02db6906a (webtiles) character file.

Game seed: 14864307688450139117

683 EvilAshe the Vexing (level 7, -8/48 HPs)
             Began as a Formicid Arcane Marksman on Oct 2, 2022.
             Was an Initiate of Hepliaklqana.
             Mangled by a wyvern (16 damage)
             ... on level 5 of the Dungeon.
             The game lasted 00:19:05 (7555 turns).

EvilAshe the Vexing (Formicid Arcane Marksman)      Turns: 7555, Time: 00:19:06

Health: -8/48      AC:  5    Str: 15    XL:     7   Next: 93%
Magic:  8/8        EV: 13    Int: 12    God:    Hepliaklqana [......]
Gold:   363        SH:  0    Dex: 16    Spells: 4/8 levels left

rFire   + . .      SeeInvis +   a - +1 sling
rCold   . . .      Faith    .   (no shield)
rNeg    . . .      Spirit   .   v - +0 leather armour {rF+}
rPois   .          Reflect  .   (helmet unavailable)
rElec   .          Harm     .   s - +0 cloak
rCorr   .          Rampage  .   (no gloves)
Will    .....                   u - +0 pair of boots
Stlth   +.........              (no amulet)
HPRegen 0.16/turn               (no ring)
MPRegen 0.11/turn               (no ring)

@: no status effects
A: permanent stasis, dig shafts and tunnels, antennae 3, four strong arms
a: Dig, Shaft Self, Renounce Religion


You were on level 5 of the Dungeon.
You worshipped Hepliaklqana.
Hepliaklqana was noncommittal.
You visited 2 branches of the dungeon, and saw 7 of its levels.
You also visited: Sewer.

You collected 363 gold pieces.

Inventory:

Hand Weapons
 a - a +1 sling (weapon)
Missiles
 i - 11 poisoned darts
 j - 7 javelins
Armour
 s - a +0 cloak (worn)
 u - a +0 pair of boots (worn)
 v - a +0 leather armour of fire resistance (worn)
Jewellery
 d - a ring of ice
Wands
 c - a wand of paralysis (8)
 x - a wand of iceblast (9)
Scrolls
 b - a scroll of poison
 h - a scroll of enchant armour {unknown}
 k - a scroll of silence {unknown}
 l - a scroll of enchant weapon {unknown}
 o - a scroll of acquirement {unknown}
 q - a scroll of vulnerability {unknown}
 r - a scroll of torment {unknown}
Potions
 e - 3 potions of curing {unknown}
 g - 3 potions of brilliance
 m - 4 potions of flight
 n - 2 potions of lignification
 p - 3 potions of heal wounds


   Skills:
 - Level 1.1 Fighting
 * Level 5.5 Ranged Weapons
 + Level 3.7 Dodging
 - Level 1.1 Spellcasting
 + Level 5.7 Hexes
 + Level 2.5 Translocations


You had 4 spell levels left.
You knew the following spells:

 Your Spells              Type           Power      Damage    Failure   Level
a - Slow                  Hex            56%        N/A       3%          1
b - Portal Projectile     Hex/Tloc       20%        N/A       21%         3

Your spell library contained the following spells:

 Spells                   Type           Power      Damage    Failure   Level
 Inner Flame              Hex/Fire       7%         N/A       34%         3
 Cause Fear               Hex            7%         N/A       34%         4
 Shock                    Conj/Air       0%         1d3       36%         1
 Airstrike                Air            0%         2d(0-16)  98%         4
 Manifold Assault         Tloc           6%         N/A       98%         5
 Storm Form               Tmut/Air       0%         N/A       100%        7
 Blink                    Tloc           Unusable   N/A       N/A         2
 Swiftness                Air            Unusable   N/A       N/A         3

Dungeon Overview and Level Annotations

Branches:
Dungeon (6/15)             Temple (1/1) D:5           Sewer (visited)

Altars:
Ashenzari
Elyvilon
Hepliaklqana
Kikubaaqudgha
Makhleb
Nemelex Xobeh
Okawaru
Ru
Sif Muna
Uskayaw
Vehumet
Xom
Zin
The Shining One

Annotations:
Temple Prince Ribbit


Innate Abilities, Weirdness & Mutations

You cannot be hasted, slowed, berserked, paralysed or teleported.
You can dig through walls and to a lower floor.
You have a pair of large antennae on your head. (SInv)
Your four strong arms can wield two-handed weapons with a shield.


Message History

You shoot a sling bullet.
The sling bullet hits the wyvern but does no damage.
The wyvern is heavily wounded.
You shoot a sling bullet.
The sling bullet hits the wyvern but does no damage.
The wyvern is heavily wounded.
You shoot a sling bullet.
The sling bullet hits the wyvern but does no damage.
The wyvern is heavily wounded.
You shoot a sling bullet. The sling bullet hits the wyvern.
The wyvern is severely wounded.
The wyvern is no longer paralysed.
The wyvern bites you! The wyvern closely misses you.
You are too injured to fight recklessly!
You are too injured to fight recklessly!
You are too injured to fight recklessly!
You are too injured to fight recklessly!
Fire: a) +1 sling
Press: ? - help, Q - select action, (/) - cycle Shift-Dir - straight line, f/p - wyvern
Aim: a wyvern (severely wounded, 60% to hit)
You shoot a sling bullet.
The sling bullet hits the wyvern but does no damage.
The wyvern is severely wounded.
The wyvern bites you but does no damage.
The wyvern bites you!
Fire: a) +1 sling
Press: ? - help, Q - select action, (/) - cycle Shift-Dir - straight line, f/p - wyvern
Aim: a wyvern (severely wounded, 60% to hit)
You shoot a sling bullet.
The sling bullet hits the wyvern but does no damage.
The wyvern is severely wounded.
The wyvern bites you. The wyvern bites you!
* * * LOW HITPOINT WARNING * * *
Fire: a) +1 sling
Press: ? - help, Q - select action, (/) - cycle Shift-Dir - straight line, f/p - wyvern
Aim: a wyvern (heavily wounded, 60% to hit)
You shoot a sling bullet. The sling bullet hits the wyvern.
The wyvern is severely wounded.
The wyvern bites you!
You die...

###########
#.........#
##
#.........#
.# #########
#l!.......#
.# #.......#
#.@.......#
.# #.......#
#.........#
.####.......#
#.........#
..!)........#
#.........#
.####.......#
#.........#
.####...)...#
#......<..#
...#####)####
##.##.#####
##.## #.#
#..##.#
#..####.#
#.###.#


You could see a wyvern.

Vanquished Creatures
  A kobold brigand (Sewer)
  A scorpion (D:4)
  A necrophage (D:5)
  2 jellies
  2 hounds
  An orc priest (D:4)
  Ijyb (D:3)
  Terence (D:3)
  An orc wizard (D:5)
  Robin (D:1)
  4 adders
  3 river rats
  2 white imps (D:6)
  An ufetubus (D:5)
  3 worms
  2 dart slugs (D:4)
  22 orcs
  7 ball pythons
  5 bats
  8 endoplasms
  5 giant cockroaches
  24 goblins
  9 hobgoblins
  5 jackals
  6 kobolds
  6 quokkas
  5 frilled lizards
  12 rats
141 creatures vanquished.

Vanquished Creatures (others)
  13 plants (D:4)
13 creatures vanquished.

Grand Total: 154 creatures vanquished

Notes
Turn   | Place    | Note
-------+----------+-------------------------------------------
     0 | D:1      | EvilAshe the Formicid Arcane Marksman began the quest for
                  | the Orb.
     0 | D:1      | Reached XP level 1. HP: 15/15 MP: 2/2
   347 | D:1      | Found a faded altar of an unknown god.
   418 | D:1      | Reached XP level 2. HP: 21/21 MP: 3/3
   708 | D:1      | Reached XP level 3. HP: 26/26 MP: 2/4
  1315 | D:2      | Reached XP level 4. HP: 32/32 MP: 5/5
  1434 | D:2      | Learned a level 3 spell: Portal Projectile
  1514 | D:2      | Noticed Robin
  1715 | D:1      | Killed Robin
  2531 | D:3      | Reached XP level 5. HP: 37/37 MP: 6/6
  2616 | D:3      | Reached skill level 1 in Translocations
  2634 | D:3      | Found a glowing drain.
  2641 | Sewer    | Entered a sewer
  2867 | Sewer    | Noticed a kobold brigand
  2884 | Sewer    | Killed a kobold brigand
  2885 | Sewer    | Reached XP level 6. HP: 14/43 MP: 7/7
  3112 | Sewer    | Found a white marble altar of Elyvilon.
  3590 | D:3      | Noticed Terence
  3603 | D:3      | Killed Terence
  3691 | D:3      | Noticed Ijyb
  4308 | D:4      | Found an ancient bone altar of Kikubaaqudgha.
  4327 | D:4      | Reached skill level 5 in Hexes
  4660 | D:4      | Reached XP level 7. HP: 33/48 MP: 8/8
  4913 | D:4      | Found a sacrificial altar of Ru.
  5352 | D:3      | Killed Ijyb
  6023 | D:4      | Reached skill level 5 in Ranged Weapons
  6242 | D:5      | Entered Level 5 of the Dungeon
  6271 | D:5      | Noticed a water moccasin
  6360 | D:5      | Found a broken altar of Ashenzari.
  6611 | D:5      | Found a staircase to the Ecumenical Temple.
  6627 | Temple   | Entered the Ecumenical Temple
  6655 | Temple   | Became a worshipper of Hepliaklqana the Forgotten
  6684 | D:5      | Noticed Prince Ribbit
  6880 | D:5      | Found a sparkling altar of Nemelex Xobeh.
  6881 | D:5      | Noticed Eustachio
  7480 | D:6      | Noticed a wyvern
  7555 | D:5      | Mangled by a wyvern

Illustrated notes

Levels and vault maps discovered:
D:1:      roderic_crossed_star, layout_loops_ring,
          dreamdust_ecumenical_altar_statues
D:2:      layout_basic, uniq_robin
D:3:      layout_loops_ring, lightli_sewer_entry_pipes, uniq_terence, uniq_ijyb
D:4:      layout_cave_pools, lemuel_coloured_pillars_altar,
          mainiacjoe_overflow_cross_hatched, bh_walls_and_bars
D:5:      layout_rooms, nemelex_spade_bored_becter, amcnicky_altar_gilded,
          minmay_temple_entry_offerings, uniq_prince_ribbit1, uniq_eustachio
D:6:      nicolae_cairo_tiling_large, layout_rooms, serial_shops, shop,
          uniq_edmund, uniq_grinder
Temple:   eino_temple_lava

Skill      XL: |  1  2  3  4  5  6  7 |
---------------+----------------------+-----
Dodging        | 2 3 |  3.7
Hexes          | 4 5 |  5.7
Ranged Weapons | 3 4 5 |  5.5
Translocations | 1 2 |  2.5
Fighting       | |  1.1
Spellcasting   | |  1.1

Action                   |  1- 3 |  4- 6 |  7- 9 || total
-------------------------+-------+-------+-------++-------
 Fire: Sling             |    93 |   296 |   163 ||   552
 Cast: Slow              |     7 |    19 |    24 ||    50
Evoke: Wand              |       |       |     1 ||     1
  Use: Scroll            |       |     4 |     2 ||     6
Armor: Robe              |     3 |     8 |       ||    11
       Leather armour    |       |    15 |    21 ||    36
Dodge: Dodged            |     7 |    93 |    79 ||   179
